Map: Ulzaan

Players

Inferno - Winner!

  • Race: Zerg Zerg
  • Spawn Location: 11:00

JAMER - Winner!

  • Race: Protoss Protoss
  • Spawn Location: 9:00

OpuS

  • Race: Protoss Protoss
  • Spawn Location: 3:00

Sketchaphone

  • Race: Zerg Zerg
  • Spawn Location: 1:00

VOD

Have the link to the VOD?

Description

Time

  • Played on: Jan. 22, 2019, 1:54 p.m.
  • Length: 19:22
Show
View Real Time Build Order
Export as new Build Order

Inferno Zerg - Winner!

Build Orders: Hatch First, Lurkers 

Get SALT Encoding   

  12  0:03  Drone  
  13  0:10  Drone  
  14  0:18  Overlord  
  14  0:36  Drone x3  
  17  0:57  Hatchery  
  16  1:11  Spawning Pool  
  15  1:20  Drone x2  
  17  1:31  Drone  
  17  1:36  Extractor  
  17  1:47  Drone x2  
  17  1:50  Extractor  
  17  1:59  Queen  
  19  2:04  Drone x2  
  21  2:08  Queen  
  23  2:16  Drone  
  24  2:23  Drone  
  24  2:25  Overlord  
  25  2:38  Drone x2  
  25  2:42  Drone  
  25  2:44  Overlord  
  28  2:58  Drone  
  29  2:59  Drone x2  
  29  3:02  Lair  
  31  3:18  Drone x3  
  34  3:20  Drone x3  
  34  3:21  Drone x2  
  39  3:30  Overlord  
  39  3:44  Evolution Chamber  
  39  3:46  Drone x2  
  39  3:47  Evolution Chamber  
  39  3:57  Drone x6  
  39  4:00  Extractor  
  44  4:03  Extractor  
  44  4:04  Hydralisk Den  
  44  4:06  Drone  
  43  4:14  Overlord  
  43  4:16  Drone x4  
  47  4:26  Zerg Missile Weapons Level 1  
  47  4:27  Zerg Ground Armor Level 1  
  47  4:40  Lurker Den  
  46  4:47  Muscular Augments  
  46  5:04  Overlord x2  
  46  5:06  Burrow  
  46  5:12  Hatchery  
  46  5:13  Queen  
  47  5:20  Hydralisk x3  
  53  5:21  Hydralisk  
  53  5:22  Hydralisk  
  57  5:33  Overseer  
  57  5:49  Pneumatized Carapace  
  57  5:58  Grooved Spines  
  54  6:17  Queen  
  56  6:23  Drone x2  
  58  6:31  Hydralisk  
  58  6:32  Hydralisk x6  
  62  6:34  Hydralisk  
  62  6:35  Hydralisk x3  
  76  6:52  Spore Crawler  
  75  6:57  Spore Crawler  
  74  7:05  Hatchery  
  74  7:07  Spore Crawler  
  74  7:08  Spore Crawler  
  71  7:10  Spore Crawler  
  71  7:11  Spore Crawler  
  71  7:14  Zerg Missile Weapons Level 2, Zerg Ground Armor Level 2  
  69  7:20  Drone x4  
  73  7:25  Drone x2  
  75  7:45  Overlord x2  
  75  7:52  Hydralisk x3  
  75  7:58  Lurker  
  82  8:07  Lurker x3  
  82  8:10  Hydralisk  
  87  8:29  Hydralisk x4  
  87  8:30  Hydralisk  
  97  8:48  Hydralisk x3  
  76  9:57  Hydralisk x2  
  76  9:58  Hydralisk x8  
  83  10:59  Hydralisk x4  
  83  11:00  Hydralisk x2  
  87  11:10  Hydralisk x4  
  79  11:37  Hydralisk x3  
  79  11:38  Hydralisk x3  
  89  11:43  Lurker x4  
  89  11:44  Lurker  
  94  11:47  Hydralisk x6  
  96  11:56  Overlord x2  
  96  11:58  Queen  
  83  12:03  Lurker x2  
  83  12:04  Lurker x3  
  83  12:05  Hydralisk x2  
  83  12:07  Hydralisk x2  
  79  12:26  Lurker x5  
  79  12:27  Lurker  
  79  12:28  Drone x8  
  79  12:29  Drone  
  94  12:30  Drone x4  
  98  12:48  Overseer  
  98  12:49  Infestation Pit  
  97  12:55  Hydralisk x3  
  103  13:03  Hatchery  
  100  13:23  Extractor  
  100  13:25  Extractor  
  98  13:27  Hive  
  98  13:53  Drone x4  
  98  13:54  Drone x2  
  104  13:58  Lurker x5  
  109  14:04  Hydralisk  
  111  14:28  Hydralisk x3  
  117  14:40  Overlord x4, Drone  
  117  14:41  Overlord x2  
  118  14:58  Queen  
  107  15:24  Hydralisk x6  
  107  15:26  Hydralisk x2  
  107  15:27  Hydralisk x8  
  139  15:30  Zerg Missile Weapons Level 3  
  139  15:31  Zerg Ground Armor Level 3  
  139  15:50  Hydralisk x2  
  139  15:51  Hydralisk x2  
  139  15:54  Drone x3  
  139  15:55  Drone  
  151  16:00  Extractor  
  151  16:01  Drone x8, Extractor  
  157  16:18  Spire  
  156  16:33  Spire, Hydralisk  
  156  16:36  Overlord x5  
  157  16:55  Adaptive Talons  
  157  18:03  Corruptor x7  
  157  18:04  Corruptor x2  
  175  18:36  Corruptor x4  
Show
View Real Time Build Order
Export as new Build Order

JAMER Protoss - Winner!

Build Orders: Carriers, Carrier Rush 

Get SALT Encoding   

  1  0:00  Probe  
  13  0:07  Probe  
  14  0:20  Pylon  
  14  0:23  Probe  
  15  0:40  Forge  
  15  0:45  Pylon  
  15  0:48  Probe  
  16  1:01  Probe, Gateway  
  16  1:09  Probe  
  18  1:19  Probe  
  18  1:21  Photon Cannon  
  19  1:31  Photon Cannon  
  19  1:42  Assimilator  
  19  1:43  Probe  
  19  1:47  Assimilator  
  20  1:57  Cybernetics Core  
  20  2:07  Probe  
  20  2:15  Probe  
  22  2:44  Stargate  
  22  2:59  Nexus  
  22  3:04  Assimilator  
  22  3:09  Assimilator  
  22  3:29  Fleet Beacon  
  22  3:33  Pylon  
  22  3:44  Stargate  
  22  3:46  Pylon  
  22  4:12  Probe  
  22  4:17  Probe  
  23  4:20  Probe  
  25  4:25  Probe  
  25  4:30  Carrier, Probe  
  26  4:34  Probe  
  28  4:42  Probe  
  35  4:46  Probe  
  36  4:54  Probe  
  36  4:55  Carrier  
  36  4:58  Probe  
  38  5:05  Probe  
  45  5:13  Probe  
  46  5:21  Probe  
  47  5:32  Probe  
  48  5:37  Probe  
  49  5:44  Probe  
  49  5:45  Carrier  
  49  5:49  Probe  
  57  5:56  Probe  
  58  6:01  Probe  
  59  6:09  Probe  
  60  6:13  Probe  
  61  6:25  Probe  
  62  6:27  Pylon  
  62  6:29  Pylon  
  62  6:32  Pylon  
  61  6:34  Pylon  
  61  6:40  Carrier  
  61  6:42  Carrier  
  61  6:45  Pylon  
  67  6:48  Pylon  
  67  6:51  Pylon  
  73  6:54  Pylon  
  73  7:08  Photon Cannon  
  73  7:10  Protoss Air Weapons Level 1  
  73  7:12  Photon Cannon  
  73  7:15  Photon Cannon  
  73  7:18  Mothership  
  81  7:52  Carrier  
  87  8:01  Carrier  
  93  8:33  Stargate  
  93  9:01  Nexus  
  93  9:04  Assimilator  
  93  9:07  Tempest x2  
  93  9:08  Assimilator  
  103  9:13  Pylon  
  103  9:15  Pylon  
  89  10:18  Tempest x2  
  89  10:19  Tempest  
  92  11:01  Tempest x2  
  85  12:13  Mothership  
  75  12:29  Tempest x3  
  93  12:52  Protoss Air Weapons Level 2  
  93  13:00  Cybernetics Core  
  93  13:03  Tempest  
  93  13:08  Tempest  
  98  13:13  Tempest  
  98  13:18  Protoss Air Armor Level 1  
  108  13:36  Tempest  
  108  13:45  Tempest  
  118  13:56  Carrier  
  124  14:13  Probe  
  125  14:23  Tempest  
  125  14:24  Tempest  
  125  14:25  Probe  
  136  14:37  Probe  
  137  14:49  Probe  
  138  14:54  Carrier  
  138  15:01  Tempest  
  149  15:17  Nexus  
  149  15:20  Pylon  
  149  15:23  Pylon  
  149  15:25  Assimilator  
  149  15:26  Protoss Air Armor Level 2  
  149  15:28  Tempest  
  154  15:29  Assimilator  
  154  15:35  Protoss Air Weapons Level 3  
  154  15:41  Pylon  
  154  15:46  Pylon  
  154  15:49  Pylon  
  154  15:51  Pylon  
  154  15:56  Carrier  
  154  15:57  Photon Cannon  
  154  15:58  Photon Cannon  
  154  16:00  Photon Cannon  
  154  16:01  Photon Cannon  
  154  16:02  Photon Cannon  
  154  16:04  Carrier, Photon Cannon  
  154  16:05  Photon Cannon  
  154  16:07  Shield Battery  
  166  16:17  Tempest  
  171  16:44  Shield Battery  
  171  16:45  Shield Battery  
  171  16:47  Shield Battery  
  171  16:50  Tempest  
  171  16:51  Carrier  
  182  17:17  Probe  
  183  17:29  Probe  
  165  17:41  Probe  
  139  17:53  Probe  
  129  18:05  Probe  
  119  18:14  Tempest  
  119  18:24  Tempest x2  
  134  18:35  Probe  
  135  18:42  Nexus  
  135  18:44  Assimilator  
  135  18:47  Probe  
  136  18:48  Assimilator  
  136  18:54  Pylon  
  136  18:57  Pylon  
  136  18:59  Probe  
Show
View Real Time Build Order
Export as new Build Order

OpuS Protoss 

Build Orders:  

Get SALT Encoding   

  12  0:01  Probe  
  13  0:13  Probe  
  14  0:19  Pylon  
  14  0:25  Probe  
  15  0:35  Probe  
  16  0:43  Probe, Gateway  
  17  0:53  Probe  
  18  0:59  Assimilator  
  18  1:05  Probe  
  19  1:12  Gateway  
  19  1:20  Probe  
  20  1:31  Probe  
  20  1:32  Cybernetics Core  
  20  1:35  Pylon  
  20  1:39  Probe  
  22  1:49  Probe  
  23  1:54  Assimilator  
  23  2:01  Probe  
  24  2:10  Robotics Facility  
  24  2:21  Zealot  
  24  2:22  Zealot  
  27  2:28  Pylon  
  27  2:54  Sentry x2  
  31  2:58  Nexus  
  31  3:04  Forge  
  31  3:18  Warp Prism  
  33  3:39  Photon Cannon  
  33  3:52  Stalker x2  
  37  3:59  Pylon  
  37  4:08  Immortal  
  37  4:13  Probe x2  
  43  4:25  Probe x2  
  45  4:34  Photon Cannon  
  45  4:37  Probe  
  46  4:40  Probe  
  46  4:42  Warp Gate  
  46  4:44  Immortal  
  51  5:10  Gateway  
  51  5:12  Gateway  
  51  5:15  Probe x2  
  53  5:25  Twilight Council  
  53  5:27  Probe  
  54  5:33  Probe  
  55  5:39  Probe  
  56  5:45  Probe  
  56  5:46  Stalker x2  
  61  5:51  Probe  
  62  6:03  Blink  
  62  6:17  Probe x2  
  54  6:30  Robotics Bay  
  54  6:36  Probe x2  
  56  6:46  Assimilator  
  56  6:48  Probe x2  
  56  6:49  Protoss Ground Weapons Level 1  
  56  6:50  Assimilator  
  56  6:52  Stalker x2  
  62  6:55  Pylon  
  62  6:56  Pylon  
  62  7:02  Pylon  
  62  7:03  Pylon  
  62  7:06  Pylon  
  62  7:22  Stalker x2  
  62  7:23  Stalker x2  
  70  7:33  Gateway  
  70  7:34  Gateway  
  70  7:36  Gateway  
  70  7:37  Gateway  
  70  7:42  Probe x2  
  72  7:54  Probe x2  
  72  7:58  Nexus  
  74  8:01  Pylon  
  74  8:04  Charge  
  74  8:09  Forge  
  74  8:11  Forge  
  74  8:20  Stalker x3  
  74  8:24  Stalker  
  82  8:30  Probe x2  
  84  8:40  Observer  
  85  8:43  Protoss Ground Weapons Level 2, Protoss Ground Armor Level 1  
  85  8:44  Protoss Shields Level 1  
  85  9:01  Observer  
  84  9:04  Sentry x3  
  84  9:05  Zealot x2  
  84  9:07  Zealot x2  
  84  9:09  Probe  
  99  9:10  Probe  
  99  9:11  Probe  
  101  9:23  Observer  
  102  9:30  Probe x2  
  102  9:31  Probe  
  81  9:42  Stalker, Probe  
  81  9:43  Stalker x4  
  82  9:54  Stalker x3  
  86  10:15  Disruptor  
  86  10:18  Stalker x3  
  86  10:19  Stalker  
  86  10:20  Probe x2  
  86  10:21  Probe  
  84  10:38  Stalker x2  
  84  10:39  Stalker x2  
  66  11:03  Stalker x6  
  66  11:04  Stalker  
  42  11:56  Disruptor  
  41  12:02  Pylon  
  41  12:05  Pylon  
  41  12:11  Pylon  
  41  12:14  Pylon  
  41  12:17  Pylon  
  41  12:38  Zealot x3  
  41  12:39  Zealot x4  
  41  12:40  Protoss Shields Level 2, Protoss Ground Weapons Level 3, Protoss Ground Armor Level 2  
  55  12:44  Gateway  
  55  12:47  Gateway  
  55  12:51  Nexus  
  41  13:14  Disruptor  
  44  13:22  Robotics Facility  
  44  13:50  Disruptor  
  44  13:54  Robotics Facility  
  47  13:57  Robotics Facility  
  47  13:59  Zealot x5  
  47  14:00  Zealot x2  
  47  14:01  Zealot  
  63  14:10  Disruptor  
  66  14:25  Zealot x2  
  66  14:28  Probe x2  
  72  14:36  Probe  
  72  14:37  Zealot  
  75  14:43  Disruptor  
  78  14:49  Zealot  
  56  15:16  Disruptor x2  
  56  15:20  Probe x3  
  65  15:42  Disruptor  
  65  15:45  Probe x3  
  71  15:51  Nexus  
  71  15:55  Pylon  
  71  15:57  Probe x2  
  73  16:08  Disruptor  
  76  16:13  Probe x2  
  76  16:14  Probe  
  79  16:23  Disruptor  
  82  16:25  Probe  
  83  16:34  Probe x2  
  83  16:37  Probe  
  86  16:44  Protoss Ground Armor Level 3  
  86  16:46  Probe x2  
  88  16:50  Probe  
  88  16:52  Assimilator  
  89  16:56  Assimilator  
  89  16:58  Probe x2  
  91  17:07  Probe  
  92  17:10  Probe  
  93  17:35  Disruptor  
  96  17:55  Disruptor  
  99  17:58  Probe  
  99  17:59  Probe x2  
  99  18:04  Zealot x2, Assimilator  
  99  18:05  Zealot x6  
  114  18:07  Zealot  
  114  18:09  Assimilator  
  114  18:10  Probe  
  114  18:11  Probe x2  
  114  18:12  Gateway  
  122  18:15  Gateway  
  122  18:17  Gateway  
  122  18:18  Gateway  
  107  18:23  Probe x2  
  107  18:25  Zealot  
  107  18:26  Zealot x3  
Show
View Real Time Build Order
Export as new Build Order

Sketchaphone Zerg 

Build Orders: Hatch First 

Get SALT Encoding   

  12  0:02  Drone  
  13  0:08  Drone  
  14  0:17  Overlord  
  14  0:24  Drone, Extractor  
  15  0:38  Drone  
  15  0:39  Drone  
  17  0:46  Drone  
  18  0:59  Hatchery  
  17  1:04  Drone  
  17  1:05  Extractor  
  17  1:06  Drone  
  18  1:18  Drone  
  19  1:27  Spawning Pool  
  18  1:37  Drone  
  19  1:44  Drone  
  20  1:50  Overlord  
  20  2:15  Lair  
  20  2:16  Drone x2  
  20  2:19  Queen  
  20  2:20  Drone  
  25  2:37  Overlord, Hatchery  
  25  2:41  Drone  
  25  2:42  Drone  
  26  2:48  Overlord  
  26  2:56  Overlord  
  26  3:04  Extractor  
  25  3:07  Drone x3  
  25  3:10  Spore Crawler  
  27  3:16  Queen  
  29  3:30  Spire  
  28  3:49  Drone x7  
  28  3:55  Extractor  
  34  3:58  Drone x2  
  34  4:00  Drone  
  37  4:09  Queen  
  37  4:15  Drone  
  37  4:16  Drone x2  
  42  4:20  Drone  
  42  4:21  Drone  
  42  4:22  Drone  
  45  4:31  Drone  
  47  4:38  Drone  
  47  4:43  Spore Crawler  
  46  4:47  Spore Crawler  
  46  4:48  Drone x3  
  48  4:53  Mutalisk x4  
  48  4:58  Mutalisk  
  58  5:00  Overlord  
  58  5:09  Extractor  
  58  5:12  Drone  
  58  5:13  Overlord x2  
  58  5:17  Zerg Flyer Weapons Level 1  
  58  5:23  Drone x2  
  58  5:24  Mutalisk  
  62  5:35  Overlord, Drone  
  62  5:36  Drone  
  62  5:37  Mutalisk  
  62  5:38  Drone x2  
  68  5:45  Mutalisk  
  68  5:46  Drone  
  68  5:47  Drone  
  68  5:48  Overlord  
  68  5:49  Drone  
  73  5:57  Drone x2  
  73  5:58  Drone x3  
  73  6:03  Overlord x2  
  78  6:05  Drone  
  78  6:06  Drone  
  78  6:07  Drone  
  81  6:14  Corruptor  
  81  6:15  Corruptor  
  77  6:40  Corruptor  
  77  6:41  Corruptor x3  
  77  6:44  Drone x2  
  77  6:45  Extractor x2  
  77  6:46  Drone x2  
  87  6:59  Metabolic Boost, Evolution Chamber  
  87  7:00  Evolution Chamber  
  85  7:08  Drone x3  
  88  7:09  Drone x6  
  88  7:10  Overlord  
  88  7:14  Zerg Flyer Armor Level 1  
  94  7:15  Hatchery  
  93  7:31  Pneumatized Carapace  
  93  7:33  Overlord x4  
  93  7:34  Corruptor  
  95  7:39  Zerg Melee Weapons Level 1  
  95  7:40  Infestation Pit  
  95  7:43  Zerg Ground Armor Level 1  
  94  7:49  Zergling x2  
  95  8:10  Corruptor x5  
  105  8:20  Zergling x18  
  114  8:31  Corruptor x3  
  120  8:40  Corruptor  
  120  8:41  Corruptor  
  124  8:49  Extractor  
  124  8:50  Extractor  
  124  8:51  Overseer  
  113  9:07  Corruptor x4  
  106  9:29  Corruptor x3  
  106  9:30  Zergling x12  
  106  9:31  Zergling x10  
  123  9:35  Hive  
  123  9:39  Zergling x2  
  124  9:50  Corruptor x2  
  103  10:09  Corruptor  
  103  10:10  Corruptor x2  
  95  10:24  Corruptor  
  95  10:25  Corruptor x2  
  95  10:26  Zergling x18  
  87  10:58  Corruptor x5  
  87  11:03  Corruptor  
  84  11:10  Corruptor  
  78  11:12  Zergling x20  
  88  11:23  Corruptor x2  
  92  11:37  Corruptor  
  92  11:38  Corruptor x2  
  88  11:59  Corruptor x3  
  86  12:06  Corruptor  
  78  12:40  Spire  
  78  12:58  Zergling x12  
  78  13:00  Drone x2  
  78  13:01  Drone  
  86  13:23  Hatchery  
  85  13:38  Hatchery  
  84  13:56  Spore Crawler  
  71  14:45  Lair  
  71  14:48  Corruptor x13  
  97  15:18  Corruptor x6  
  109  15:22  Zergling x2  
  110  15:30  Zergling x2  
  103  16:10  Queen  
  105  16:28  Corruptor x12  
  129  16:38  Hatchery  
  128  16:46  Overseer x3  
  128  16:52  Zerg Melee Weapons Level 2  
  128  16:57  Lair, Hatchery  
  127  17:08  Hatchery  
  126  17:19  Zergling x18  
  111  17:49  Corruptor x6  
  93  18:01  Corruptor  
  93  18:02  Corruptor  
  78  18:15  Corruptor  
  78  18:16  Corruptor  
  78  18:17  Zergling x10  
  83  18:33  Corruptor x2  
Tags
 
Add a new tag
Caveats
  • Supply blocks, unpowered buildings, or Contaminate may cause inaccurate times.
  • Supply counts are checked every 10 seconds.